 Dungeon Crawl Stone Soup version 0.18.1-48-g4cf74bf (webtiles) character file.

144 roguesci the Shield-Bearer (level 5, 0/70 HPs)
             Began as a Minotaur Fighter on June 25, 2016.
             Slain by a jackal (2 damage)
             ... on level 3 of the Dungeon.
             The game lasted 00:03:33 (1126 turns).

roguesci the Shield-Bearer (Minotaur Fighter)       Turns: 1126, Time: 00:03:33

Health: 0/70       AC:  7    Str: 25    XL:     5   Next: 5%
Magic:  4/4        EV:  8    Int:  5    God:
Gold:   103        SH: 10    Dex: 11    Spells: 0 memorised, 4 levels left

rFire  + . .     SeeInvis .     a - +0 long sword
rCold  + . .     Gourm    .     b - +0 scale mail
rNeg   . . .     Faith    .     c - +0 shield
rPois  +         Spirit   .     (helmet restricted)
rElec  +         Dismiss  .     (no cloak)
rCorr  +         Reflect  .     (no gloves)
SustAt .         Harm     .     (no boots)
MR     .....                    (no amulet)
Stlth  ..........               (no ring)
                                (no ring)

@: berserking, resistant, very quick, not resistant to hostile enchantments,
extremely unstealthy
A: retaliatory headbutt, horns 2
a: no special abilities


You were on level 3 of the Dungeon.
You were hungry.

You visited 1 branch of the dungeon, and saw 3 of its levels.

You collected 103 gold pieces.

Inventory:

Hand Weapons
 a - a +0 long sword (weapon)
Armour
 b - a +0 scale mail (worn)
 c - a +0 shield (worn)
Scrolls
 e - 5 scrolls of identify {unknown}
 m - a scroll of random uselessness {unknown}
Potions
 d - a potion of might
 i - a potion of curing {unknown}
 j - a potion of resistance
 k - a potion of brilliance {unknown}
 l - a potion of mutation {unknown}
Comestibles
 f - 3 bread rations
 n - a meat ration


   Skills:
 * Level 4.4 Fighting
 * Level 3.5 Long Blades
 * Level 4.5 Armour
 + Level 1.5 Dodging
 * Level 4.6 Shields


You had 4 spell levels left.
You didn't know any spells.

Dungeon Overview and Level Annotations

Branches:
Dungeon (3/15)

Altars:
Zin


Innate Abilities, Weirdness & Mutations

You reflexively headbutt those who attack you in melee.
You have a pair of horns on your head.


Message History

A red film seems to cover your vision as you go berserk!
You feel yourself moving faster!
You feel mighty! The centaur hits you.
* * * LOW HITPOINT WARNING * * *
The centaur hits you but does no damage.
You hit the centaur. Your headbutt misses the centaur.
The centaur is heavily wounded.
You block the centaur's attack.
You slash the centaur!
The centaur is severely wounded.
The centaur barely misses you. You furiously retaliate!
You headbutt the centaur!
You kill the centaur!
You have reached level 4!
You feel agile.
You have reached level 5!
The jackal barely misses you.
There is an open door here.
You feel a strong urge to attack something.
You barely miss the jackal. The jackal bites you.
You die...

#.. #.# #.# . #.# ..
############ #.# ...#
#..........#####.# .....##
#................#
#......####[.........#######
+..?...')hh@...(.........>..
#......####..........#######
#...... #......(...........
#...... #............#####.
#...... #............# #.
#...... #............# #.
#...... #...(.######.# #.
#...... #####.# #.# #. #.#
#.#####.


You could see 2 jackals.

Vanquished Creatures
  A centaur (D:3)
  2 adders
  A worm (D:2)
  4 giant cockroaches
  3 goblins
  8 hobgoblins
  6 jackals
  3 kobolds
  3 bats
  4 giant newts
  3 rats
38 creatures vanquished.

Notes
Turn   | Place    | Note
--------------------------------------------------------------
     0 | D:1      | roguesci the Minotaur Fighter began the quest for the Orb.
     0 | D:1      | Reached XP level 1. HP: 19/19 MP: 0/0
   101 | D:1      | Reached XP level 2. HP: 25/27 MP: 1/1
   386 | D:1      | Reached XP level 3. HP: 30/33 MP: 2/2
   455 | D:2      | Found a glowing silver altar of Zin.
   684 | D:2      | Reached skill level 1 in Dodging
  1105 | D:3      | Noticed a centaur
  1121 | D:3      | HP: 1/49 [centaur (2)]
  1123 | D:3      | Killed a centaur
  1123 | D:3      | Reached XP level 4. HP: 2/41 MP: 3/3
  1123 | D:3      | Reached XP level 5. HP: 2/47 MP: 4/4
  1126 | D:3      | Slain by a jackal

Skill      XL: |  1  2  3 |
---------------+----------+-----
Shields        | 4 |  4.6
Armour         | 4 |  4.5
Fighting       | 4 |  4.4
Dodging        | 1 |  1.5
Long Blades    | 3 |  3.5

Action                   |  1- 3 |  4- 6 || total
-------------------------+-------+-------++-------
Melee: Long sword        |    82 |     1 ||    83
       Headbutt          |    13 |       ||    13
  Use: Potion            |     2 |       ||     2
Armor: Scale mail        |    32 |       ||    32
Dodge: Dodged            |    28 |     1 ||    29
Block: Shield            |    47 |       ||    47
